 Dungeon Crawl Stone Soup version 0.29.1-1-gd02db6906a (webtiles) character file.

Game seed: 14881281749499696569

5759 GeoRichter the Carver (level 10, 2/80 HPs)
             Began as a Merfolk Gladiator on Oct 18, 2022.
             Was an Elder of Makhleb.
             Quit the game on level 8 of the Dungeon.
             The game lasted 00:15:18 (8325 turns).

GeoRichter the Carver (Merfolk Gladiator)           Turns: 8325, Time: 00:15:19

Health: 2/80       AC:  9    Str: 15    XL:     10   Next: 78%
Magic:  11/11      EV: 15    Int:  7    God:    Makhleb [****..]
Gold:   389        SH:  0    Dex: 20    Spells: 9/9 levels left

rFire   + . .      SeeInvis .   a - +0 long sword
rCold   . . .      Faith    .   (no shield)
rNeg    . . .      Spirit   .   A - +0 scale mail
rPois   .          Reflect  .   c - +0 helmet
rElec   .          Harm     .   (no cloak)
rCorr   .          Rampage  .   (no gloves)
Will    .....                   B - +1 pair of boots
Stlth   ..........              y - amulet of regeneration
HPRegen 1.03/turn               G - ring of willpower
MPRegen 0.12/turn               F - ring of protection from fire

@: weak-willed
A: (nimble swimmer 2), mertail
a: Renounce Religion, Minor Destruction, Lesser Servant of Makhleb, Major
Destruction


You were on level 8 of the Dungeon.
You worshipped Makhleb.
Makhleb was greatly pleased with you.
You visited 1 branch of the dungeon, and saw 8 of its levels.

You collected 389 gold pieces.

Inventory:

Hand Weapons
 a - a +0 long sword (weapon)
Missiles
 d - 3 throwing nets (quivered) {!f}
 e - a javelin
Armour
 c - a +0 helmet (worn)
 A - a +0 scale mail (worn)
   (You found it on level 4 of the Dungeon)
 B - a +1 pair of boots (worn)
   (You found it on level 5 of the Dungeon)
 K - the +0 leather armour "Faof" {Will+}
   (You took it off an orc on level 8 of the Dungeon)

   Will:      It increases your willpower.
Jewellery
 y - an amulet of regeneration (around neck)
   (You found it on level 4 of the Dungeon)
 F - a ring of protection from fire (right hand)
   (You found it on level 5 of the Dungeon)
 G - a ring of willpower (left hand)
   (You found it on level 5 of the Dungeon)
 J - a ring of ice
   (You found it on level 6 of the Dungeon)
Wands
 m - a wand of acid (3)
   (You found it on level 2 of the Dungeon)
 q - a wand of iceblast (4)
   (You took it off Ijyb on level 3 of the Dungeon)
 C - a wand of charming (12)
   (You found it on level 5 of the Dungeon)
 I - a wand of digging (5)
   (You found it on level 6 of the Dungeon)
Scrolls
 g - a scroll of fear {unknown}
 i - 8 scrolls of teleportation {unknown}
 k - 7 scrolls of identify {unknown}
 r - 2 scrolls of enchant weapon {unknown}
 t - a scroll of torment {unknown}
 u - a scroll of brand weapon {unknown}
 x - a scroll of poison {unknown}
 D - 3 scrolls of immolation {unknown}
 E - a scroll of enchant armour {unknown}
Potions
 b - a potion of haste {@q3}
 f - 2 potions of heal wounds {@q2}
 h - 3 potions of mutation {unknown}
 n - a potion of might {unknown}
 o - 3 potions of curing {unknown}
 p - a potion of attraction {unknown}
 s - a potion of lignification {unknown}
 v - 2 potions of degeneration {unknown}
 w - a potion of flight {unknown}
 z - a potion of resistance {unknown}
 H - 3 potions of brilliance {unknown}


   Skills:
 + Level 7.7 Fighting
 * Level 13.8 Long Blades
 - Level 2.0 Throwing
 + Level 9.7 Dodging
 + Level 1.8 Invocations
 - Level 5.0 Evocations


You had 9 spell levels left.
You didn't know any spells.
Your spell library contained the following spells:

 Spells                   Type           Power      Damage    Failure   Level
 Cause Fear               Hex            0%         N/A       100%        4
 Dragon Form              Tmut           0%         N/A       100%        7
 Dragon's Call            Summ           0%         N/A       100%        9


Dungeon Overview and Level Annotations

Branches:
Dungeon (8/15) Zot: 26488  Temple (0/1) D:7
   Lair: D:8-11

Altars:
Makhleb
Okawaru
The Shining One

Shops:
D:1 (

Annotations:
D:3 Sigmund
D:5 3 runed translucent doors, OwlCat's ghost, novice HOFi
D:6 3 runed translucent doors, VikingTomi89's ghost, novice MiBe; caveywoolpert's ghost, novice GrFi
D:7 1 runed translucent door, Crazy Yiuf


Innate Abilities, Weirdness & Mutations

((You are very nimble when in or above water. (Stealth+, EV+, Speed+++)))
Your lower body shifts to a powerful aquatic tail in water.


Message History

A demon appears!
The centaur warrior shoots an arrow.
The arrow hits your orange demon! The eight-headed hydra bites you!
* * * LOW HITPOINT WARNING * * *
The eight-headed hydra misses you.
The eight-headed hydra bites you but does no damage.
The eight-headed hydra bites you!
* * * LOW HITPOINT WARNING * * *
The eight-headed hydra bites you.
* * * LOW HITPOINT WARNING * * *
The eight-headed hydra bites you.
* * * LOW HITPOINT WARNING * * *
The eight-headed hydra bites you!
* * * LOW HITPOINT WARNING * * *
The eight-headed hydra bites you but does no damage.
The centaur warrior shoots an arrow.
The arrow hits your orange demon!
You feel much better.
The eight-headed hydra closely misses you.
The eight-headed hydra misses you. The eight-headed hydra bites you!
* * * LOW HITPOINT WARNING * * *
The eight-headed hydra barely misses you. x2
The eight-headed hydra bites you.
* * * LOW HITPOINT WARNING * * *
The eight-headed hydra bites you.
* * * LOW HITPOINT WARNING * * *
The eight-headed hydra bites you but does no damage.
The centaur warrior shoots an arrow.
The arrow completely misses your orange demon.
The arrow hits you!
* * * LOW HITPOINT WARNING * * *
A wraith comes into view.
Your orange demon stings the centaur warrior!
The centaur warrior is poisoned.
Your orange demon poisons the centaur warrior!
Your orange demon closely misses the centaur warrior.
You feel much better.
The centaur warrior shoots an arrow.
The arrow hits your orange demon! The eight-headed hydra bites you!
* * * LOW HITPOINT WARNING * * *
The eight-headed hydra bites you but does no damage.
The eight-headed hydra barely misses you.
The eight-headed hydra bites you.
* * * LOW HITPOINT WARNING * * *
The eight-headed hydra completely misses you.
The eight-headed hydra misses you. The eight-headed hydra bites you!
* * * LOW HITPOINT WARNING * * *
The eight-headed hydra bites you.
* * * LOW HITPOINT WARNING * * *
The centaur warrior shoots an arrow.
The arrow hits your orange demon!!
Your orange demon dies!
Your orange demon disappears in a puff of smoke!
Okay, then.

*,,,,,,***#,**,***,***,**#.*.....
******** #.*,**,***,**,*...##.##
*.#,*,,,*,,,*,*,#.#...# *******
*,.,,,,,,,,,,,,*#..)*..
**,*,*8****,#.,,,,,,,,,,#,#.#..,#
,*,*,*,*,8,,#g#*,,,,,**.#...##.##
,,,,,,,,,,,,*#O#######.###.#.....
,,,,,,,,,,,,,*#D.#§#..##.##..###.
,*,*,*,*,8,.,,##@.c..##...##..#..
_***_*,***,....###§###..#..###.##
** ***** ****#.........###.......
####....######.#####
#...........# #############


You could see an eight-headed hydra (weak-willed), a centaur warrior (very
poisoned, weak-willed), a two-headed ogre and a gnoll sergeant (weak-willed).

Vanquished Creatures
  A two-headed ogre (D:8)
  2 kobold demonologists (D:7)
  A slime creature (D:8)
  A wraith (D:8)
  2 water moccasins (D:8)
  3 orc warriors
  2 sky beasts
  An ice beast (D:6)
  4 black bears
  3 centaurs
  2 ogres (D:5)
  2 phantoms (D:6)
  4 kobold brigands
  10 bullfrogs
  2 necrophages
  8 wights
  3 howler monkeys
  2 jellies
  4 orc priests
  4 hounds
  A gnoll bouda (D:5)
  2 iguanas
  Ijyb (D:3)
  Terence (D:3)
  8 orc wizards
  11 gnolls
  7 adders
  2 shadow imps
  2 white imps (D:7)
  An ufetubus (D:6)
  A worm (D:2)
  2 dart slugs
  50 orcs
  10 ball pythons
  7 bats
  12 endoplasms
  3 giant cockroaches
  5 hobgoblins
  4 jackals (D:1)
  12 kobolds
  4 quokkas
  5 frilled lizards
  2 goblins (D:4)
  6 rats
220 creatures vanquished.

Vanquished Creatures (others)
  A manticore (D:8)
  2 plants (D:5)
3 creatures vanquished.

Grand Total: 223 creatures vanquished

Notes
Turn   | Place    | Note
-------+----------+-------------------------------------------
     0 | D:1      | GeoRichter the Merfolk Gladiator began the quest for the
                  | Orb.
     0 | D:1      | Reached XP level 1. HP: 16/16 MP: 1/1
   358 | D:1      | Reached skill level 4 in Long Blades
   574 | D:1      | Reached XP level 2. HP: 22/22 MP: 2/2
   807 | D:1      | Found Qayner's Antique Weapon Boutique.
   810 | D:1      | Found a faded altar of an unknown god.
  1008 | D:1      | Reached XP level 3. HP: 27/27 MP: 3/3
  1014 | D:1      | Reached skill level 5 in Long Blades
  1689 | D:2      | Reached XP level 4. HP: 33/33 MP: 4/4
  1895 | D:2      | Reached skill level 6 in Long Blades
  2582 | D:3      | Noticed Sigmund
  2656 | D:3      | Reached XP level 5. HP: 33/38 MP: 5/5
  2792 | D:3      | Reached skill level 7 in Long Blades
  3155 | D:3      | Noticed Terence
  3164 | D:3      | Killed Terence
  3260 | D:3      | Found a burning altar of Makhleb.
  3303 | D:3      | Became a worshipper of Makhleb the Destroyer
  3342 | D:3      | Reached XP level 6. HP: 42/44 MP: 6/6
  3626 | D:3      | Noticed Ijyb
  3642 | D:3      | Killed Ijyb
  3643 | D:3      | Reached skill level 8 in Long Blades
  4063 | D:4      | Noticed a black bear
  4083 | D:4      | Killed a black bear
  4409 | D:4      | Reached XP level 7. HP: 51/51 MP: 7/7
  4780 | D:4      | Reached * piety under Makhleb
  5074 | D:4      | Reached skill level 9 in Long Blades
  5074 | D:4      | Reached skill level 5 in Dodging
  5230 | D:5      | Entered Level 5 of the Dungeon
  5396 | D:5      | Reached XP level 8. HP: 56/60 MP: 8/8
  5442 | D:5      | Reached ** piety under Makhleb
  5443 | D:5      | Reached skill level 10 in Long Blades
  5520 | D:5      | Found an iron altar of Okawaru.
  5805 | D:5      | Found a runed translucent gate.
  5805 | D:5      | Noticed OwlCat's ghost (novice HOFi)
  5806 | D:5      | Found a runed translucent gate.
  5806 | D:5      | Identified the +0 ring mail of the Insatiable Stories
                  | {*Slow rElec Dex+8}
  5807 | D:5      | Found a runed translucent gate.
  6088 | D:6      | Reached skill level 1 in Evocations
  6143 | D:6      | Reached skill level 5 in Fighting
  6237 | D:6      | Reached skill level 11 in Long Blades
  6315 | D:6      | Reached XP level 9. HP: 68/68 MP: 9/9
  6338 | D:6      | Reached *** piety under Makhleb
  6647 | D:6      | Found a runed translucent gate.
  6647 | D:6      | Found a runed translucent gate.
  6647 | D:6      | Found a runed translucent gate.
  6651 | D:6      | Noticed caveywoolpert's ghost (novice GrFi)
  6651 | D:6      | Noticed VikingTomi89's ghost (novice MiBe)
  6794 | D:7      | Noticed a kobold demonologist
  6798 | D:7      | Noticed a kobold demonologist
  6820 | D:7      | Killed a kobold demonologist
  6823 | D:7      | Reached skill level 12 in Long Blades
  6827 | D:7      | Noticed a smoke demon
  6829 | D:7      | Noticed a hellwing
  6829 | D:7      | Killed a kobold demonologist
  7136 | D:7      | Found a staircase to the Ecumenical Temple.
  7359 | D:7      | Reached XP level 10. HP: 77/77 MP: 10/10
  7747 | D:7      | Found a runed translucent door.
  7748 | D:7      | Noticed Crazy Yiuf
  7861 | D:8      | Reached **** piety under Makhleb
  7862 | D:8      | Reached skill level 13 in Long Blades
  7959 | D:8      | Noticed a two-headed ogre
  7972 | D:8      | Killed a two-headed ogre
  7987 | D:8      | Reached skill level 5 in Evocations
  8054 | D:8      | Identified the +0 leather armour "Faof" {Will+}
  8180 | D:8      | Reached skill level 1 in Invocations
  8204 | D:8      | Found a glowing golden altar of the Shining One.
  8308 | D:8      | Noticed a manticore
  8314 | D:8      | Noticed a two-headed ogre
  8316 | D:8      | Noticed an eight-headed hydra
  8318 | D:8      | Noticed a centaur warrior
  8324 | D:8      | HP: 2/80 [eight-headed hydra (5)]
  8325 | D:8      | Quit the game

Illustrated notes

Levels and vault maps discovered:
D:1:      ncdulo_smallfort, layout_basic, ebering_ecumenical_altar_rust,
          serial_shops, shop, minmay_hedge_maze
D:2:      layout_loops_ring, chequers_mini_garden, chequers_jeans,
          eino_tiny_chamber, corexii_corridor_pit
D:3:      layout_basic, mainiacjoe_overflow_cross_hatched, st_stairs_2,
          uniq_ijyb, uniq_terence, uniq_sigmund
D:4:      layout_basic
D:5:      layout_basic, mainiacjoe_overflow_boulevard,
          biasface_ghost_orc_armoury
D:6:      layout_basic, gammafunk_ghost_cemetery, dk_noncrumbling_4
D:7:      layout_loops_corners, minmay_temple_entry_fiery,
          uniq_crazy_yiuf_cottage
D:8:      minmay_the_grid_octo_2x2 [minmay_the_grid_octo_clover_2,
          minmay_the_grid_octo_shrine, minmay_the_grid_octo_focus,
          minmay_the_grid_octo_prize_ultimate_mussel_roller], layout_rooms,
          kennysheep_mini_moat, minitemple, nzn_random_ring

Skill      XL: |  1  2  3  4  5  6  7  8  9 10 |
---------------+-------------------------------+-----
Long Blades    | 4 5 6 7 8 9 11 12 13 | 13.8
Fighting       | 4 5 6 7 |  7.7
Dodging        | 5 7 8 9 |  9.7
Evocations     | 2 4 5 |  5.0
Invocations    | 1 |  1.8
Throwing       | |  2.0

Action                   |  1- 3 |  4- 6 |  7- 9 | 10-12 || total
-------------------------+-------+-------+-------+-------++-------
Melee: Long sword        |    93 |   170 |   375 |   196 ||   834
       Punch             |       |     1 |     8 |     4 ||    13
Throw: Javelin           |       |       |     1 |       ||     1
Invok: Lesser Servant of |       |       |       |     1 ||     1
Evoke: Wand              |       |     2 |     8 |     6 ||    16
  Use: Potion            |       |     1 |       |     3 ||     4
       Scroll            |       |       |       |     2 ||     2
 Stab: Sleeping          |     2 |       |       |       ||     2
Armor: Leather armour    |    17 |       |       |       ||    17
       Ring mail         |    11 |    56 |     6 |       ||    73
       Scale mail        |       |       |   132 |    57 ||   189
Dodge: Dodged            |    68 |   113 |   195 |   120 ||   496
